 Dungeon Crawl Stone Soup version 0.19.0-11-g3fc08b3 (webtiles) character file.

68 Stormleaks the Skirmisher (level 4, -3/37 HPs)
             Began as a Demonspawn Abyssal Knight on Nov 8, 2016.
             Was a Follower of Lugonu.
             Slain by a gnoll
             ... wielding a +0 spear
              (5 damage)
             ... on level 3 of the Dungeon.
             The game lasted 00:06:29 (1553 turns).

Stormleaks the Skirmisher (DsAK)                    Turns: 1553, Time: 00:06:30

Health: -3/37      AC:  4    Str: 13    XL:     4   Next: 1%
Magic:  6/6        EV: 11    Int: 13    God:    Lugonu [*.....]
Gold:   78         SH:  0    Dex: 13    Spells: 0 memorised, 3 levels left

rFire  . . .     SeeInvis .     m - +3 mace
rCold  . . .     Gourm    .     b - +0 leather armour
rNeg   . . .     Faith    .     (no shield)
rPois  .         Spirit   .     (no helmet)
rElec  .         Reflect  .     (no cloak)
rCorr  .         Harm     .     (no gloves)
MR     .....                    e - +0 pair of boots
Stlth  +.........               (no amulet)
                                (no ring)
                                (no ring)

@: no status effects
A: spiny 1
a: Depart the Abyss, Renounce Religion


You were on level 3 of the Dungeon.
You worshipped Lugonu.
Lugonu was aware of your devotion.
You were not hungry.

You visited 1 branch of the dungeon, and saw 3 of its levels.
You visited the Abyss 1 time.

You collected 78 gold pieces.

Inventory:

Hand Weapons
 a - a +1 mace
 m - a +3 mace (weapon)
Armour
 b - a +0 leather armour (worn)
 e - a +0 pair of boots (worn)
 j - a +0 leather armour
Scrolls
 d - a scroll of random uselessness {unknown}
 f - 2 scrolls of immolation
 k - a scroll of identify
 l - a scroll of fog {unknown}
 o - a scroll of teleportation {unknown}
 p - a scroll of noise
Potions
 g - a potion of cancellation {unknown}
 h - a potion of magic {unknown}
 i - a potion of mutation {unknown}
 n - a potion of lignification {unknown}
Comestibles
 c - 3 bread rations


   Skills:
 + Level 3.7 Fighting
 + Level 2.4 Maces & Flails
 + Level 2.2 Armour
 + Level 1.1 Dodging
 + Level 3.0 Invocations


You had 3 spell levels left.
You didn't know any spells.

Dungeon Overview and Level Annotations

Branches:
Dungeon (3/15)

Altars:
Trog


Innate Abilities, Weirdness & Mutations

You are partially covered in sharp spines.


Message History

You feel agile.
The gnoll hits you from afar with a spear.
* * * LOW HITPOINT WARNING * * *
You see here a rat corpse.
You hit the gnoll but do no damage. The gnoll is struck by your spines.
The gnoll hits you but does no damage.
You hit the gnoll.
The gnoll is severely wounded.
The gnoll hits you.
The gnoll hits you from afar with a spear.
* * * LOW HITPOINT WARNING * * *
You completely miss the gnoll.
The gnoll is severely wounded.
You hear the brisk rusting of a very distant drain.
The gnoll barely misses you.
The gnoll hits you from afar with a spear!
* * * LOW HITPOINT WARNING * * *
The gnoll barely misses you.
The gnoll hits you from afar with a spear.
You die...

#.#
#.##########.####
#...............##
######.##..##...####
#.##..........#
#g##.###...##.#
#.##g##...###.#
#.##.##.### #.#
##.##.##@# #.#
#..##.##g#####.#
#.###..g..รท....#
#.# ####.####### #.#
#.# #.# #.#
#######.######.#
...............#
#######.########


You could see 2 gnolls.

Vanquished Creatures
  A gnoll (D:3)
  3 adders
  A leopard gecko (D:2)
  3 bats
  12 giant cockroaches (D:2)
  A hobgoblin (D:2)
  A quokka (D:3)
  2 frilled lizards (D:2)
  A goblin (D:2)
  2 kobolds
  3 rats
30 creatures vanquished.

Notes
Turn   | Place    | Note
-------+----------+-------------------------------------------
     0 | Abyss:1  | Stormleaks the Demonspawn Abyssal Knight began the quest for the Orb.
     0 | Abyss:1  | Reached XP level 1. HP: 18/18 MP: 2/2
     6 | D:1      | Escaped the Abyss
   430 | D:2      | Reached skill level 1 in Dodging
   657 | D:2      | Gained mutation: You are partially covered in sharp spines. [demonic ancestry]
   657 | D:2      | Reached XP level 2. HP: 24/24 MP: 3/3
   679 | D:2      | Reached * piety under Lugonu
   689 | D:2      | Reached XP level 3. HP: 22/29 MP: 3/5
  1294 | D:2      | Found a bloodstained altar of Trog.
  1513 | D:3      | Reached XP level 4. HP: 15/37 MP: 6/6
  1553 | D:3      | Slain by a gnoll

Skill      XL: |  1  2  3 |
---------------+----------+-----
Dodging        | 1 |  1.1
Armour         | 2 |  2.2
Maces & Flails | 2 |  2.4
Invocations    | 3 |  3.0
Fighting       | |  3.7

Action                   |  1- 3 |  4- 6 || total
-------------------------+-------+-------++-------
Melee: Mace              |    65 |     3 ||    68
Invok: Depart the Abyss  |     1 |       ||     1
  Use: Scroll            |     3 |       ||     3
  Eat: Bread ration      |     1 |       ||     1
Armor: Leather armour    |    28 |     1 ||    29
Dodge: Dodged            |    40 |     2 ||    42
